Map: Jagannatha LE

Players

Krystianer

  • Race: Protoss Protoss

PtitDrogo - Winner!

  • Race: Protoss Protoss

Event: DreamHack SC2 Masters 2021 Winter

VOD

Have the link to the VOD?

Description

Time

  • Played on: Oct. 5, 2021, 1:43 p.m.
  • Length: 11:16

All games in this series

Show
View Real Time Build Order
Export as new Build Order

Krystianer Protoss 

Build Orders: Zealot Archon 

Get SALT Encoding   

  12  0:00  Probe  
  13  0:12  Probe  
  14  0:17  Pylon  
  14  0:24  Probe (Chrono Boost)  
  15  0:36  Probe (Chrono Boost)  
  15  0:37  Gateway  
  16  0:45  Probe (Chrono Boost)  
  16  0:46  Assimilator  
  17  0:50  Probe  
  17  0:54  Assimilator  
  18  1:03  Probe (Chrono Boost)  
  19  1:07  Gateway  
  19  1:12  Probe (Chrono Boost)  
  19  1:17  Probe (Chrono Boost)  
  20  1:24  Cybernetics Core  
  21  1:29  Probe  
  22  1:35  Pylon  
  22  1:41  Probe  
  23  1:53  Probe  
  24  2:01  Stalker, Sentry  
  28  2:02  Warp Gate  
  28  2:06  Probe  
  29  2:14  Pylon  
  29  2:18  Probe  
  30  2:31  Stalker  
  30  2:32  Sentry  
  34  2:46  Nexus  
  34  2:54  Shield Battery  
  38  3:05  Sentry  
  38  3:11  Pylon  
  38  3:18  Probe (Chrono Boost)  
  39  3:27  Twilight Council  
  39  3:29  Probe (Chrono Boost)  
  39  3:32  Forge  
  38  3:35  Probe (Chrono Boost)  
  39  3:47  Probe (Chrono Boost)  
  40  3:50  Adept x2  
  40  3:52  Probe (Chrono Boost)  
  45  3:59  Probe (Chrono Boost)  
  47  4:05  Blink  
  47  4:08  Probe (Chrono Boost), Protoss Ground Weapons Level 1  
  47  4:10  Probe (Chrono Boost)  
  49  4:18  Probe (Chrono Boost)  
  49  4:20  Probe (Chrono Boost)  
  50  4:28  Probe (Chrono Boost)  
  50  4:30  Probe (Chrono Boost)  
  51  4:38  Probe  
  51  4:40  Nexus  
  51  4:42  Probe  
  50  4:47  Pylon  
  50  4:50  Stalker  
  52  4:53  Stalker  
  52  4:56  Probe  
  52  4:58  Probe  
  56  5:05  Shield Battery  
  56  5:08  Probe  
  56  5:10  Probe  
  58  5:17  Stalker x2  
  58  5:20  Probe  
  63  5:21  Pylon  
  63  5:22  Probe  
  64  5:31  Pylon  
  64  5:39  Probe  
  61  5:48  Probe  
  56  5:50  Stalker  
  56  5:51  Stalker  
  56  5:52  Probe x2 (Chrono Boost)  
  60  6:00  Gateway x2  
  60  6:01  Robotics Facility  
  60  6:04  Assimilator, Probe (Chrono Boost)  
  62  6:06  Probe (Chrono Boost)  
  62  6:07  Assimilator  
  62  6:09  Probe (Chrono Boost), Protoss Ground Weapons Level 2 (Chrono Boost)  
  64  6:13  Probe (Chrono Boost)  
  64  6:14  Stalker, Probe (Chrono Boost), Sentry  
  70  6:19  Probe x2 (Chrono Boost)  
  70  6:21  Probe (Chrono Boost)  
  70  6:24  Gateway  
  72  6:25  Gateway  
  72  6:26  Probe  
  72  6:27  Probe  
  74  6:33  Pylon  
  74  6:34  Photon Cannon  
  74  6:39  Stalker  
  76  6:40  Stalker  
  76  6:44  Charge  
  76  6:46  Gateway  
  78  6:49  Observer (Chrono Boost), Gateway  
  78  6:51  Probe  
  80  6:56  Zealot x2  
  84  7:05  Pylon  
  84  7:06  Warp Prism (Chrono Boost)  
  84  7:08  Zealot  
  87  7:09  Zealot  
  87  7:12  Templar Archives  
  87  7:14  Assimilator  
  90  7:16  Assimilator  
  90  7:21  Zealot x3  
  96  7:29  Pylon  
  96  7:31  Probe  
  96  7:36  Zealot x2  
  96  7:37  Zealot  
  103  7:40  Pylon  
  103  7:50  High Templar  
  103  7:51  Zealot x3, High Templar  
  107  7:54  Gateway  
  107  7:55  Archon  
  107  7:56  Gateway  
  113  7:58  Zealot x2  
  113  8:00  Zealot, Observer  
  119  8:06  Pylon  
  119  8:07  Pylon  
  119  8:12  Protoss Ground Weapons Level 3 (Chrono Boost)  
  119  8:14  Zealot  
  121  8:22  High Templar x2  
  121  8:25  High Templar x2  
  121  8:26  Zealot x3  
  135  8:27  Archon  
  135  8:30  Archon  
  134  8:44  Observer  
  135  8:51  Nexus  
  135  8:52  Pylon  
  135  8:55  High Templar x2  
  137  9:01  Archon  
  139  9:05  Pylon  
  139  9:06  Pylon  
  139  9:08  Probe x2  
  141  9:12  Zealot x4, Pylon  
  141  9:15  Pylon  
  149  9:23  Probe  
  150  9:28  High Templar x4  
  150  9:30  Zealot x2  
  162  9:34  Archon x2  
  160  9:38  Zealot x4, Pylon  
  160  9:42  Photon Cannon  
  167  9:46  Probe x2  
  167  9:50  Zealot x2  
  170  9:59  Zealot x4  
  168  10:00  Zealot x2  
  168  10:01  Zealot  
  168  10:04  Zealot  
  168  10:06  Probe  
  170  10:13  Zealot x2  
  167  10:20  Zealot x3  
  161  10:23  Zealot  
  161  10:27  Zealot x2  
  162  10:30  Probe x2  
  157  10:37  High Templar  
  152  10:45  Stalker x3  
  152  10:47  Probe x2  
  152  10:48  Pylon  
  160  10:53  Zealot x3  
  158  11:00  Zealot  
  158  11:01  Probe  
  125  11:08  Zealot x2  
  125  11:09  Zealot x2  
Show
View Real Time Build Order
Export as new Build Order

PtitDrogo Protoss - Winner!

Build Orders: Phoenix Opening, Blink Stalkers, Zealot Archon 

Get SALT Encoding   

  12  0:00  Probe  
  13  0:12  Probe  
  14  0:21  Pylon  
  14  0:24  Probe  
  15  0:39  Gateway, Probe (Chrono Boost)  
  17  0:50  Assimilator, Probe (Chrono Boost)  
  17  0:55  Probe (Chrono Boost)  
  18  0:57  Assimilator  
  18  1:05  Probe (Chrono Boost)  
  18  1:10  Gateway  
  19  1:15  Probe (Chrono Boost)  
  20  1:20  Probe (Chrono Boost)  
  21  1:26  Cybernetics Core  
  21  1:32  Probe  
  22  1:35  Pylon  
  22  1:44  Probe  
  23  2:02  Stalker x2  
  23  2:03  Probe, Warp Gate  
  23  2:08  Pylon  
  28  2:33  Sentry  
  30  2:40  Nexus  
  30  2:42  Probe (Chrono Boost)  
  30  2:48  Shield Battery  
  30  2:54  Probe (Chrono Boost)  
  31  2:59  Probe (Chrono Boost)  
  31  3:01  Pylon  
  31  3:02  Sentry  
  31  3:04  Sentry  
  36  3:10  Probe (Chrono Boost)  
  37  3:12  Phoenix  
  37  3:20  Twilight Council  
  37  3:22  Probe (Chrono Boost)  
  38  3:28  Probe (Chrono Boost)  
  39  3:34  Forge  
  39  3:36  Probe  
  40  3:52  Probe x2 (Chrono Boost)  
  40  3:53  Blink (Chrono Boost)  
  42  3:55  Phoenix  
  42  4:02  Probe (Chrono Boost)  
  44  4:04  Probe (Chrono Boost)  
  44  4:07  Probe (Chrono Boost)  
  44  4:08  Protoss Ground Weapons Level 1  
  46  4:17  Probe (Chrono Boost)  
  46  4:18  Stalker  
  46  4:19  Stalker, Probe (Chrono Boost)  
  51  4:26  Probe (Chrono Boost), Pylon  
  51  4:27  Probe (Chrono Boost)  
  53  4:33  Probe  
  53  4:37  Probe  
  52  4:45  Probe  
  53  4:48  Stalker x2  
  53  4:49  Probe  
  58  4:57  Probe  
  59  5:01  Probe  
  59  5:02  Pylon  
  59  5:06  Nexus  
  60  5:10  Probe  
  60  5:12  Pylon  
  60  5:13  Probe  
  62  5:20  Stalker x2  
  62  5:38  Probe  
  59  5:43  Stalker x2  
  59  5:44  Probe  
  59  5:45  Assimilator  
  58  5:51  Probe  
  59  5:58  Probe (Chrono Boost)  
  59  6:01  Gateway, Charge  
  59  6:02  Gateway  
  59  6:04  Gateway, Probe (Chrono Boost)  
  59  6:07  Robotics Facility, Gateway  
  59  6:10  Probe (Chrono Boost)  
  60  6:13  Stalker x2  
  60  6:15  Probe (Chrono Boost)  
  60  6:17  Shield Battery  
  65  6:21  Probe (Chrono Boost)  
  65  6:22  Probe (Chrono Boost)  
  65  6:23  Probe (Chrono Boost)  
  65  6:24  Protoss Ground Weapons Level 2 (Chrono Boost)  
  68  6:30  Probe (Chrono Boost)  
  68  6:31  Probe (Chrono Boost)  
  71  6:35  Probe (Chrono Boost)  
  71  6:37  Assimilator  
  71  6:39  Zealot x2, Probe (Chrono Boost)  
  76  6:43  Probe (Chrono Boost)  
  76  6:45  Probe (Chrono Boost)  
  78  6:47  Gateway  
  78  6:53  Gateway  
  78  6:56  Templar Archives  
  78  6:58  Probe x3  
  81  7:02  Observer  
  82  7:11  Zealot  
  82  7:12  Zealot  
  82  7:13  Sentry  
  88  7:20  Nexus  
  88  7:21  Pylon  
  88  7:22  Photon Cannon, Pylon  
  88  7:24  Warp Prism  
  90  7:32  Pylon x2  
  90  7:34  Gateway  
  90  7:38  High Templar  
  90  7:39  High Templar  
  90  7:40  Zealot x2  
  90  7:41  Zealot  
  100  7:44  Archon  
  100  7:49  Zealot x3  
  106  7:59  Pylon  
  106  8:01  Zealot x2, Pylon  
  106  8:02  Zealot  
  106  8:03  Observer  
  112  8:13  Zealot x3, High Templar x2  
  112  8:17  Archon  
  112  8:19  Photon Cannon  
  120  8:20  Shield Battery  
  120  8:21  Shield Battery  
  120  8:22  Pylon  
  120  8:34  High Templar x2  
  120  8:35  Zealot x5  
  120  8:38  Archon  
  120  8:40  Gateway  
  134  8:45  Gateway  
  134  8:48  Protoss Ground Weapons Level 3 (Chrono Boost)  
  134  8:52  Zealot  
  134  8:53  Zealot  
  134  8:54  Pylon  
  134  8:55  Pylon  
  138  8:58  Probe x2  
  138  8:59  Probe x2  
  142  9:03  Assimilator  
  142  9:05  Assimilator  
  142  9:09  Observer  
  142  9:10  Probe x2, Pylon  
  142  9:11  Probe  
  142  9:13  Assimilator  
  142  9:16  High Templar  
  147  9:21  Zealot x3, High Templar  
  147  9:22  Zealot x2  
  159  9:25  Archon  
  159  9:26  Shield Battery  
  159  9:27  Zealot x2  
  163  9:35  Pylon  
  163  9:38  Pylon  
  163  9:42  Zealot  
  163  9:43  Zealot x5  
  175  9:51  Zealot x4  
  183  9:53  Zealot  
  182  10:09  Zealot x2  
  182  10:10  Zealot x4  
  188  10:17  Zealot x4  
  188  10:25  Zealot  
  188  10:31  High Templar  
  188  10:32  High Templar x4  
  188  10:33  Zealot  
  194  10:37  Archon x2  
  178  10:49  Zealot x3  
  182  10:50  Zealot x2  
  182  10:52  Zealot x2  
  182  10:53  Zealot x3  
  164  11:07  Zealot x6  

Tags
 
Add a new tag
Caveats
  • Supply blocks, unpowered buildings, or Contaminate may cause inaccurate times.
  • Supply counts are checked every 10 seconds.